 Dungeon Crawl Stone Soup version 0.28.0-47-ge53b351184 (webtiles) character file.

Game seed: 18257871278168479044

1591 croobank the Covert (level 8, 0/67 HPs)
             Began as a Gnoll Delver on Apr 29, 2022.
             Succumbed to a water moccasin's poison
             ... on level 5 of the Dungeon.
             The game lasted 00:23:23 (5765 turns).

croobank the Covert (Gnoll Delver)                  Turns: 5765, Time: 00:23:24

Health: 0/67       AC:  5    Str: 13    XL:     8   Next: 93%
Magic:  13/13      EV: 13    Int:  9    God:
Gold:   215        SH:  0    Dex: 15    Spells: 11/14 levels left

rFire   . . .      SeeInvis .   a - +0 hand axe (venom)
rCold   . . .      Faith    .   (no shield)
rNeg    . . .      Spirit   .   z - +0 ring mail
rPois   .          Reflect  .   (no helmet)
rElec   .          Harm     .   (no cloak)
rCorr   .          Rampage  .   (no gloves)
Will    .....                   (no boots)
Stlth   ++++......              (no amulet)
HPRegen 0.21/turn               (no ring)
MPRegen 0.13/turn               (no ring)

@: lethally poisoned (0 -> -2)
A: fangs 1, strong nose, distributed training
a: no special abilities


You were on level 5 of the Dungeon.
You visited 1 branch of the dungeon, and saw 5 of its levels.

You collected 236 gold pieces.
You spent 21 gold pieces at shops.

Inventory:

Hand Weapons
 a - a +0 hand axe of venom (weapon)
 b - a +0 hunting sling
 n - a +0 dagger
 v - a +0 long sword
Missiles
 f - a curare-tipped dart
 h - 5 boomerangs (quivered)
 i - 81 sling bullets
 m - 14 poisoned darts
 p - 34 arrows
 t - 192 stones
Armour
 j - a +0 plate armour
 u - a +0 tower shield
 y - a +0 leather armour
 z - a +0 ring mail (worn)
 C - a +0 chain mail
Magical Staves
 l - a staff of poison
Jewellery
 w - an amulet of guardian spirit
Wands
 g - a wand of digging (3)
Scrolls
 c - 2 scrolls of fog
 r - a scroll of magic mapping
 s - a scroll of teleportation
Potions
 d - 2 potions of flight
 k - 2 potions of brilliance
 o - a potion of mutation
 q - a potion of might
 x - a potion of haste


   Skills:
 + Level 7.6 Fighting
 + Level 3.7 Short Blades
 + Level 3.7 Long Blades
 + Level 5.9 Axes
 + Level 3.7 Maces & Flails
 + Level 3.7 Polearms
 + Level 3.7 Staves
 + Level 3.7 Slings
 + Level 3.7 Bows
 + Level 3.7 Crossbows
 + Level 3.7 Throwing
 + Level 3.7 Armour
 + Level 5.9 Dodging
 + Level 10.3 Stealth
 + Level 3.7 Shields
 + Level 3.7 Unarmed Combat
 + Level 3.7 Spellcasting
 + Level 3.0 Conjurations
 + Level 3.0 Hexes
 + Level 3.0 Summonings
 + Level 3.0 Necromancy
 + Level 3.0 Translocations
 + Level 3.0 Transmutations
 + Level 3.0 Fire Magic
 + Level 3.0 Ice Magic
 + Level 3.0 Air Magic
 + Level 3.0 Earth Magic
 + Level 3.0 Poison Magic
 + Level 4.0 Invocations
 + Level 3.7 Evocations


You had 11 spell levels left.
You knew the following spells:

 Your Spells              Type           Power      Damage    Failure   Level
a - Mephitic Cloud        Conj/Pois/Air  7%         N/A       45%         3

Your spell library contained the following spells:

 Spells                   Type           Power      Damage    Failure   Level
 Animate Skeleton         Necr           14%        N/A       17%         1
 Pain                     Necr           28%        1d5       17%         1
 Sublimation of Blood     Necr           7%         N/A       26%         2
 Ignite Poison            Fire/Tmut/Pois 7%         N/A       45%         3
 Vampiric Draining        Necr           7%         2d6       45%         3
 Petrify                  Tmut/Erth      7%         N/A       86%         4
 Freezing Cloud           Conj/Ice/Air   3%         6-21      99%         5
 Irradiate                Conj/Tmut      3%         3d14      99%         5


Dungeon Overview and Level Annotations

Branches:
Dungeon (5/15)
 Temple: D:4-7

Altars:

Shops:
D:1 **![   D:2 =

Annotations:
D:3 1 runed translucent door, Atherized's ghost, amateur MiBe


Innate Abilities, Weirdness & Mutations

You have very sharp teeth.
Your uncanny sense of smell can sniff out nearby items.
Your experience applies equally to all skills.


Message History

You completely miss the water moccasin. Your bite misses the water moccasin.
The water moccasin is moderately wounded.
* * * LOW HITPOINT WARNING * * *
You feel very sick. The water moccasin bites you.
* * * LOW HITPOINT WARNING * * *
Okay, then.
Sorry, you're not good enough to have a special ability.
Okay, then.
Unknown command.
As you read the scroll of fear, it crumbles to dust.
You assume a fearsome visage.
The water moccasin looks frightened!
* * * LOW HITPOINT WARNING * * *
You feel very sick.
Found a rapier.
* * * LOW HITPOINT WARNING * * *
You feel very sick.
* * * LOW HITPOINT WARNING * * *
You feel sick.
* * * LOW HITPOINT WARNING * * *
You feel sick.
Okay, then.
As you read the scroll labelled HATWIE TONKI, it crumbles to dust.
It is a scroll of amnesia.
Really abort (and waste the scroll)?
Okay, then.
* * * LOW HITPOINT WARNING * * *
You feel sick.
As you read the scroll labelled FUESOLAFR BEQI, it crumbles to dust.
Wisps of shadow whirl around you...
It was a scroll of summoning.
* * * LOW HITPOINT WARNING * * *
You feel sick.
Sorry, you're not good enough to have a special ability.
Okay, then.
* * * LOW HITPOINT WARNING * * *
You feel sick.
You swap places.
* * * LOW HITPOINT WARNING * * *
You feel sick.
You die...

#.......##+#######....
#....?..#*,* #......
#.......#*,* ###..##
##......#*,#######..##
#.##.###*,.........##
#.##h# *,#######.##.
#.##S# *,* #.##.
#.##.# *,* #.##.
#.##@#***,* #.##.
#...).....# #.##.
########### #....
####. #. #. ##


You could see a friendly hound (summoned) and a friendly adder (summoned).

Vanquished Creatures
  Prince Ribbit (D:5)
  Grinder (D:4)
  Sigmund (D:3)
  A black bear (D:3)
  A necrophage (D:5)
  A kobold brigand (D:5)
  4 scorpions
  2 orc priests (D:3)
  A hound (D:5)
  A bullfrog skeleton (D:5)
  Jessica (D:2)
  2 iguanas
  5 orc wizards
  2 hound skeletons (D:4)
  8 adders
  2 ufetubi (D:5)
  6 worms
  A dart slug (D:1)
  16 orcs
  7 ball pythons
  11 bats
  5 endoplasms
  7 giant cockroaches
  14 goblins
  11 hobgoblins
  2 jackals (D:1)
  7 quokkas
  3 frilled lizards
  12 kobolds
  9 rats
145 creatures vanquished.

Notes
Turn   | Place    | Note
-------+----------+-------------------------------------------
     0 | D:5      | Reached skill level 9 in Stealth
     0 | D:5      | croobank the Gnoll Delver began the quest for the Orb.
     0 | D:5      | Reached XP level 1. HP: 23/23 MP: 1/1
    40 | D:5      | Noticed a necrophage
    57 | D:5      | Noticed Prince Ribbit
    58 | D:5      | Noticed a scorpion
    63 | D:5      | Noticed an orc wizard
    63 | D:5      | Noticed an orc wizard
    75 | D:4      | Noticed an iguana
   110 | D:3      | Reached XP level 2. HP: 14/29 MP: 2/2
   246 | D:3      | Reached XP level 3. HP: 23/35 MP: 3/3
   310 | D:3      | Found a faded altar of an unknown god.
   431 | D:3      | Reached skill level 1 in Invocations
   632 | D:1      | Found Piupy's Weapon Boutique.
   670 | D:1      | Reached skill level 1 in Short Blades
   670 | D:1      | Reached skill level 1 in Long Blades
   670 | D:1      | Reached skill level 1 in Maces & Flails
   670 | D:1      | Reached skill level 1 in Polearms
   670 | D:1      | Reached skill level 1 in Staves
   670 | D:1      | Reached skill level 1 in Slings
   670 | D:1      | Reached skill level 1 in Bows
   670 | D:1      | Reached skill level 1 in Crossbows
   670 | D:1      | Reached skill level 1 in Throwing
   670 | D:1      | Reached skill level 1 in Armour
   670 | D:1      | Reached skill level 1 in Shields
   670 | D:1      | Reached skill level 1 in Unarmed Combat
   670 | D:1      | Reached skill level 1 in Spellcasting
   670 | D:1      | Reached skill level 1 in Evocations
   716 | D:1      | Found Doinauph's Distillery.
   750 | D:1      | Reached XP level 4. HP: 41/41 MP: 5/5
   983 | D:1      | Found Jatimod's Assorted Antiques.
   991 | D:1      | Bought a fizzy blue potion for 21 gold pieces
  1047 | D:1      | Found Immoumar's Armour Boutique.
  1141 | D:1      | Found Uxumn's Assorted Antiques.
  1693 | D:2      | Noticed Jessica
  1697 | D:2      | Killed Jessica
  1698 | D:2      | Reached skill level 1 in Conjurations
  1698 | D:2      | Reached skill level 1 in Hexes
  1698 | D:2      | Reached skill level 1 in Summonings
  1698 | D:2      | Reached skill level 1 in Necromancy
  1698 | D:2      | Reached skill level 1 in Translocations
  1698 | D:2      | Reached skill level 1 in Transmutations
  1698 | D:2      | Reached skill level 1 in Fire Magic
  1698 | D:2      | Reached skill level 1 in Ice Magic
  1698 | D:2      | Reached skill level 1 in Air Magic
  1698 | D:2      | Reached skill level 1 in Earth Magic
  1698 | D:2      | Reached skill level 1 in Poison Magic
  1763 | D:2      | Found Zuapti's Jewellery Emporium.
  1766 | D:2      | Reached XP level 5. HP: 47/47 MP: 6/6
  2352 | D:3      | Found a runed translucent door.
  2942 | D:3      | Noticed a black bear
  3003 | D:3      | Reached XP level 6. HP: 45/53 MP: 8/8
  3076 | D:3      | Killed a black bear
  3077 | D:3      | Reached skill level 5 in Axes
  3077 | D:3      | Reached skill level 5 in Dodging
  3141 | D:3      | Noticed Sigmund
  3162 | D:3      | Killed Sigmund
  3163 | D:3      | Reached XP level 7. HP: 9/60 MP: 10/10
  3573 | D:3      | Noticed Atherized's ghost (amateur MiBe)
  3950 | D:4      | Noticed Grinder
  3965 | D:4      | Killed Grinder
  3966 | D:4      | Reached skill level 10 in Stealth
  4322 | D:4      | Reached XP level 8. HP: 66/67 MP: 12/12
  5092 | D:5      | Killed Prince Ribbit
  5407 | D:5      | Identified a scroll of acquirement
  5407 | D:5      | Acquired a Trismegistus Codex
  5413 | D:5      | Learned a level 3 spell: Mephitic Cloud
  5761 | D:5      | HP: 3/67 [poisoned by a water moccasin]
  5764 | D:5      | HP: 1/67 [poisoned by a water moccasin]
  5765 | D:5      | Succumbed to a water moccasin's poison

Illustrated notes

Levels and vault maps discovered:
D:1:      minmay_arrival_four_houses, layout_loops_corners, serial_rivers,
          chequers_serial_rivers_room_a, chequers_serial_rivers_micro_c,
          chequers_serial_rivers_micro_a, chequers_serial_rivers_room_a,
          chequers_serial_rivers_micro_c, chequers_serial_rivers_room_b,
          serial_shops, nicolae_shop_bloodbath_and_beyond, shop,
          nicolae_shop_hallway_stairs,
          nicolae_shop_temple_entry_statues_fountains, nicolae_shop_crystal
D:2:      cheibrodos_greedy_goblins, layout_loops_ring, serial_shops, shop,
          uniq_jessica
D:3:      minmay_evil_eye, layout_rooms, ebering_ghost_reflecting_pool,
          ebering_ecumenical_altar_mist, minmay_starry_boxes, uniq_sigmund
D:4:      minmay_chambers_of_fours, layout_cave_pools, portal_sewer_entry_a,
          chequers_serial_rivers_micro_b, uniq_grinder
D:5:      layout_basic, uniq_prince_ribbit1

Skill      XL: |  1  2  3  4  5  6  7  8 |
---------------+-------------------------+-----
Stealth        | 10 | 10.3
Invocations    | 1 2 3 4 |  4.0
Short Blades   | 1 2 3 |  3.7
Long Blades    | 1 2 3 |  3.7
Maces & Flails | 1 2 3 |  3.7
Polearms       | 1 2 3 |  3.7
Staves         | 1 2 3 |  3.7
Slings         | 1 2 3 |  3.7
Bows           | 1 2 3 |  3.7
Crossbows      | 1 2 3 |  3.7
Throwing       | 1 2 3 |  3.7
Armour         | 1 2 3 |  3.7
Shields        | 1 2 3 |  3.7
Unarmed Combat | 1 2 3 |  3.7
Spellcasting   | 1 2 3 |  3.7
Evocations     | 1 2 3 |  3.7
Conjurations   | 1 2 3 |  3.0
Hexes          | 1 2 3 |  3.0
Summonings     | 1 2 3 |  3.0
Necromancy     | 1 2 3 |  3.0
Translocations | 1 2 3 |  3.0
Transmutations | 1 2 3 |  3.0
Fire Magic     | 1 2 3 |  3.0
Ice Magic      | 1 2 3 |  3.0
Air Magic      | 1 2 3 |  3.0
Earth Magic    | 1 2 3 |  3.0
Poison Magic   | 1 2 3 |  3.0
Axes           | 5 |  5.9
Dodging        | 5 |  5.9
Fighting       | 7 |  7.6

Action                   |  1- 3 |  4- 6 |  7- 9 || total
-------------------------+-------+-------+-------++-------
Melee: Hand axe          |    84 |    94 |   162 ||   340
       Bite              |     5 |    15 |    23 ||    43
       Punch             |     1 |     3 |     1 ||     5
       Dagger            |       |    28 |     6 ||    34
Throw: Boomerang         |       |       |     3 ||     3
  Use: Scroll            |     3 |     4 |     5 ||    12
       Potion            |       |     1 |     1 ||     2
 Stab: Sleeping          |     7 |    18 |    13 ||    38
       Distracted        |     1 |     2 |       ||     3
Armor: Leather armour    |    29 |    19 |    13 ||    61
       Ring mail         |       |       |    20 ||    20
Dodge: Dodged            |    56 |    61 |   102 ||   219
